 Dungeon Crawl Stone Soup version 0.20-a0-923-g548304e (console) character file.

219 pagos the Twirler (level 5, -3/30 HPs)
             Began as a Gargoyle Gladiator on Mar 27, 2017.
             Slain by Pikel
             ... wielding a +2 whip of flaming
              (7 damage)
             ... on level 4 of the Dungeon.
             The game lasted 00:06:00 (2168 turns).

pagos the Twirler (Gargoyle Gladiator)              Turns: 2168, Time: 00:06:01

Health: -3/30      AC: 14    Str: 19    XL:     5   Next: 96%
Magic:  5/5        EV:  9    Int:  8    God:
Gold:   154        SH:  0    Dex: 11    Spells: 4/4 levels left

rFire    . . .     SeeInvis .   a - +0 quarterstaff
rCold    . . .     Gourm    .   (shield currently unavailable)
rNeg     + . .     Faith    .   u - +1 chain mail {MR+}
rPois    ∞         Spirit   .   c - +0 helmet
rElec    +         Reflect  .   (no cloak)
rCorr    .         Harm     +   (no gloves)
MR       +....                  (no boots)
Stlth    ..........             s - amulet of harm
Regen    0.1/turn               j - +1 ring of evasion
MPRegen  0.1/turn               (no ring)

@: no status effects
A: negative energy resistance 1, electricity resistance, unbreathing,
petrification resistance, rot immunity, AC +4
a: no special abilities


You were on level 4 of the Dungeon.
You were hungry.

You visited 1 branch of the dungeon, and saw 4 of its levels.

You collected 154 gold pieces.

Inventory:

Hand Weapons
 a - a +0 quarterstaff (weapon)
 p - a +1 hand axe of chopping
Missiles
 d - 3 throwing nets (quivered)
Armour
 c - a +0 helmet (worn)
 u - a +1 chain mail of magic resistance (worn)
Jewellery
 j - a +1 ring of evasion (left hand)
 s - an amulet of harm (around neck)
Wands
 q - a wand of flame (0/48)
Scrolls
 e - 2 scrolls of amnesia {unknown}
 i - 3 scrolls of enchant armour {unknown}
 m - a scroll of teleportation {unknown}
 n - a scroll of noise {unknown}
 o - 3 scrolls of identify {unknown}
 t - a scroll of fog {unknown}
Potions
 l - a potion of curing {unknown}
Comestibles
 f - a bread ration
 g - 2 meat rations
 h - a fruit
 r - a royal jelly


   Skills:
 - Level 2.1 Fighting
 * Level 6.4 Staves
 - Level 1.7 Throwing
 + Level 0.0 Armour
 - Level 2.4 Dodging


You had 4 spell levels left.
You didn't know any spells.

Dungeon Overview and Level Annotations

Branches:
Dungeon (4/15)
 Temple: D:4-7

Altars:
Cheibriados
Makhleb
Okawaru
Vehumet
Yredelemnul

Annotations:
D:4 Pikel


Innate Abilities, Weirdness & Mutations

You are resistant to torment.
Your stone body is resilient. (AC +4)
You are immune to poison.
You resist negative energy. (rN+)
You are resistant to electric shocks. (rElec)
You can survive without breathing.
You are immune to petrification.
You are immune to rotting.


Message History

* * * LOW HITPOINT WARNING * * *
Pikel hits you with a whip of flaming.
* * * LOW HITPOINT WARNING * * *
Pikel burns you.
* * * LOW HITPOINT WARNING * * *
Your chain mail prevents you from hitting Pikel.
Pikel is severely wounded.
The slave hits you but does no damage. The slave barely misses you.
Pikel hits you but does no damage.
Okay, then.
You closely miss Pikel.
Pikel is severely wounded.
The slave barely misses you.
Pikel sighs. "I should capture elves; my bodyguards all look the same!"
Pikel hits you but does no damage. The slave barely misses you.
You hit Pikel but do no damage.
Pikel is severely wounded.
The slave barely misses you. The slave closely misses you.
Pikel hits you with a whip of flaming.
You die...

.♣ #..
.... ...
♣.♣.♣ ♣).
.._....#
♣.♣.♣.#
....p#
#.♣.♣.#K#
.....pp@#
..[####p#
..# #.#
#.# #.#
#.# ##.#
#.# #..#
#.####.##
#......#
#.######


You could see Pikel and 4 slaves.

Vanquished Creatures
  A crimson imp (D:3)
  A worker ant (D:3)
  4 adders
  3 oozes
  5 worms
  4 dart slugs
  2 leopard geckos (D:1)
  4 orcs (D:3)
  13 giant cockroaches
  5 hobgoblins
  6 jackals
  7 kobolds
  4 quokkas
  4 bats
  6 frilled lizards
  8 goblins
  7 rats
  2 plants (D:2)
86 creatures vanquished.

Notes
Turn   | Place    | Note
-------+----------+-------------------------------------------
     0 | D:1      | pagos the Gargoyle Gladiator began the quest for the Orb.
     0 | D:1      | Reached XP level 1. HP: 12/12 MP: 1/1
    38 | D:1      | Reached XP level 2. HP: 17/17 MP: 2/2
    99 | D:1      | Reached skill level 4 in Staves
   132 | D:1      | Reached XP level 3. HP: 15/21 MP: 3/3
   748 | D:2      | Found a basalt altar of Yredelemnul.
   757 | D:2      | Reached XP level 4. HP: 26/26 MP: 4/4
   815 | D:2      | Reached skill level 5 in Staves
  1130 | D:2      | Reached XP level 5. HP: 23/30 MP: 5/5
  1149 | D:2      | Found a snail-covered altar of Cheibriados.
  1509 | D:3      | Found a burning altar of Makhleb.
  1509 | D:3      | Found a radiant altar of Vehumet.
  1541 | D:3      | Reached skill level 6 in Staves
  2142 | D:4      | Noticed Pikel
  2143 | D:4      | Found an iron altar of Okawaru.
  2144 | D:4      | Noticed a slave
  2145 | D:4      | Noticed a slave
  2145 | D:4      | Noticed a slave
  2147 | D:4      | Noticed a slave
  2168 | D:4      | Slain by Pikel

Vault maps used:
D:1:      erik_arrival_gehennom
D:2:      minmay_roachtagon, nicolae_overflow_crystal_walls, serial_forest,
          infiniplex_forest_straight_1, infiniplex_forest_zigzag_1,
          infiniplex_forest_corner_1, infiniplex_forest_lined_corner,
          infiniplex_forest_end_double, infiniplex_forest_clump_diagonal,
          infiniplex_forest_clump_small, infiniplex_forest_end_2,
          cheibriados_altar_1
D:3:      grunt_temple_overflow_lords_of_destruction
D:4:      okawaru_trees_1, amethyst_overflow_temple_binary, first_bread,
          uniq_pikel

Skill      XL: |  1  2  3  4  5 |
---------------+----------------+-----
Staves         | 4 5 6 |  6.4
Fighting       | |  2.1
Throwing       | |  1.7
Dodging        | |  2.4

Action                   |  1- 3 |  4- 6 || total
-------------------------+-------+-------++-------
Melee: Quarterstaff      |   167 |   205 ||   372
  Use: Potion            |       |     1 ||     1
  Eat: Chunk             |       |     4 ||     4
Armor: Leather armour    |    42 |    74 ||   116
       Chain mail        |       |    28 ||    28
Dodge: Dodged            |    97 |   161 ||   258
